 Dungeon Crawl Stone Soup version 0.26-a0-597-gb535b0901c (webtiles) character file.

Game seed: 4766561020967793755

22053 KristoblXynda the Nimble (level 12, -6/81 HPs)
             Began as a Vampire Gladiator on Aug 18, 2020.
             Was a Believer of Ashenzari.
             Mangled by a 20-headed hydra (7 damage)
             ... on level 2 of the Lair of Beasts on Aug 26, 2020.
             The game lasted 00:36:29 (16942 turns).

KristoblXynda the Nimble (Vampire Gladiator)       Turns: 16942, Time: 00:36:29

Health: -6/81      AC: 22    Str: 16    XL:     12   Next: 59%
Magic:  12/12      EV: 13    Int: 15    God:    Ashenzari [**....]
Gold:   1485       SH:  6    Dex: 17    Spells: 8/11 levels left

rFire    . . .     SeeInvis +   v - +4 demon blade of Conservatism {drain, rC- rN+ Int+4} (curse)
rCold    x . .     Faith    .   e - +0 buckler (curse)
rNeg     + . .     Spirit   .   z - +2 chain mail {rPois} (curse)
rPois    +         Reflect  .   c - +1 helmet
rElec    .         Harm     .   (no cloak)
rCorr    .                      (no gloves)
MR       ++...                  I - +2 pair of boots
Stlth    ++........             x - amulet of the acrobat (curse)
HPRegen  0.43/turn              w - +4 ring of protection
MPRegen  0.13/turn              A - ring of protection from magic (curse)

@: regenerating quickly
A: fangs 3, see invisible, unbreathing
a: Exsanguinate, Curse Item, Scrying, Renounce Religion


You were on level 2 of the Lair of Beasts.
You worshipped Ashenzari.
Ashenzari was pleased with you.
You visited 4 branches of the dungeon, and saw 16 of its levels.
You also visited: Bailey.

You collected 1680 gold pieces.
You spent 195 gold pieces at shops.

Inventory:

Hand Weapons
 v - the cursed +4 demon blade of Conservatism (weapon) {drain, rC- rN+ Int+4}
   (You found it on level 2 of the Lair of Beasts)

   A truly terrible weapon, it drains the life of those it strikes.
   It affects your intelligence (+4).
   It makes you vulnerable to cold.
   It protects you from negative energy.
   It has a curse placed upon it.
Armour
 c - a +1 helmet (worn)
 e - a cursed +0 buckler (worn)
 z - a cursed +2 chain mail of poison resistance (worn)
 I - a +2 pair of boots (worn)
Jewellery
 w - a +4 ring of protection (left hand)
 x - a cursed amulet of the acrobat (around neck)
 A - a cursed ring of protection from magic (right hand)
Scrolls
 f - a scroll of remove curse
 g - a scroll of silence
 h - 2 scrolls of enchant weapon
 n - 2 scrolls of amnesia
 p - 2 scrolls of enchant armour
 q - 2 scrolls of magic mapping
 r - a scroll of fog
 u - 5 scrolls of teleportation
 B - 3 scrolls of blinking
 G - a scroll of identify
Potions
 b - 2 potions of cancellation
 d - 2 potions of haste
 i - a potion of heal wounds
 j - 4 potions of ambrosia
 k - 5 potions of curing
 l - 3 potions of might
 m - 2 potions of invisibility
 s - 2 potions of lignification
 t - 4 potions of stabbing
 C - 3 potions of resistance
 E - a potion of brilliance
Miscellaneous
 a - a phial of floods (inert)


   Skills:
 - Level 3.0 Fighting
 + Level 11.1(13.1) Long Blades
 - Level 2.0 Throwing
 + Level 8.7 Armour
 + Level 12.0 Dodging
 - Level 10.7 Stealth
 - Level 4.0(5.4) Shields
 + Level 6.2(7.7) Air Magic


You had 8 spell levels left.
You knew the following spells:

 Your Spells              Type           Power        Failure   Level
a - Mephitic Cloud        Conj/Pois/Air  #.......     97%         3

Your spell library contained the following spells:

 Spells                   Type           Power        Failure   Level
 Poisonous Vapours        Pois/Air       ##....       67%         2
 Magic Dart               Conj           #...         96%         1
 Blink                    Tloc           N/A          99%         2
 Call Imp                 Summ           #.......     99%         2
 Slow                     Hex            #.......     99%         2
 Confusing Touch          Hex            #.......     100%        3
 Conjure Flame            Conj/Fire      #.......     100%        3
 Gell's Gravitas          Tloc           #.........   100%        3
 Cause Fear               Hex            #.........   100%        4
 Petrify                  Tmut/Erth      #.......     100%        4
 Metabolic Englaciation   Hex/Ice        #.........   100%        5
 Silence                  Hex/Air        ##........   100%        5
 Yara's Violent Unravell  Hex/Tmut       #.........   100%        5
 Freezing Cloud           Conj/Ice/Air   #.........   100%        6
 Discord                  Hex            #.........   100%        8


Dungeon Overview and Level Annotations

Branches:
Dungeon (12/15)            Temple (1/1) D:7            Lair (2/6) D:8
    Orc (1/2) D:11         Bailey (visited)
  Swamp: Lair:2-4    Shoals: Lair:2-4     Snake: Lair:2-4    Spider: Lair:2-4

Altars:
Ashenzari
Cheibriados
Dithmenos
Elyvilon
Fedhas
Gozag
Hepliaklqana
Kikubaaqudgha
Makhleb
Nemelex Xobeh
Okawaru
Qazlal
Ru
Sif Muna
Trog
Uskayaw
Vehumet
Wu Jian
Xom
Yredelemnul
Zin
The Shining One
Beogh

Shops:
D:4 *   D:6 }   D:9 [

Annotations:
D:6 2 transporters
Lair:2 exclusion: 4 oklob plants
Orc:1 Gastronok


Innate Abilities, Weirdness & Mutations

Your natural rate of healing is unusually fast.
You have razor-sharp teeth.
You have supernaturally acute eyesight. (SInv)
You can survive without breathing.


Message History

The 20-headed hydra is severely wounded.
The 20-headed hydra barely misses you. x2
The 20-headed hydra bites you but does no damage. x2
You block the 20-headed hydra's attack. The 20-headed hydra closely misses you.
The 20-headed hydra bites you but does no damage.
You block the 20-headed hydra's attack. The 20-headed hydra bites you!
* * * LOW HITPOINT WARNING * * *
The 20-headed hydra barely misses you. The 20-headed hydra bites you.
* * * LOW HITPOINT WARNING * * *
The 20-headed hydra completely misses you.
You block the 20-headed hydra's attack.
The 20-headed hydra bites you but does no damage.
The 20-headed hydra bites you.
* * * LOW HITPOINT WARNING * * *
The 20-headed hydra closely misses you. The 20-headed hydra bites you.
* * * LOW HITPOINT WARNING * * *
The 20-headed hydra bites you.
* * * LOW HITPOINT WARNING * * *
The 20-headed hydra bites you!
You die...

, , * * ##.#######.#
...........,............
.......... ............
, ..$.......
...>........ #........#
*, * #..... ,
,........P# ** ##.... ,
#.......P# #.... ..#..
#........# #.... .....
,,.......@# #.... ....,
#......D# ##.... ..####
P.......## #.....
....... .........#
##.... .......
........## #....
......$, ........### ###
###.... .......
........#.###.####.#....
.......,
........................
.....#
#.#.....................


You could see a 20-headed hydra (drained).

Vanquished Creatures
  A hydra (D:11)
  3 two-headed ogres
  3 unseen horrors
  2 ugly things
  A cyclops (D:8)
  2 manticores (D:11)
  2 black mambas (Lair:1)
  A cane toad (Lair:2)
  A gargoyle (D:10)
  A freezing wraith (D:8)
  A komodo dragon (Lair:2)
  A wind drake (shapeshifter) (D:10)
  4 slime creatures
  2 trolls
  7 hippogriffs
  A shadow (D:12)
  Sigmund (D:6)
  Eustachio (D:5)
  17 yaks
  A wraith (D:10)
  A wyvern (D:12)
  A steam dragon (D:8)
  2 swamp worms (D:8)
  Edmund (D:6)
  4 porcupines
  4 water moccasins
  8 orc warriors
  A black bear (D:9)
  A hornet zombie (D:10)
  An eye of draining (D:12)
  4 ice beasts
  3 sky beasts
  A phantom (D:8)
  A necrophage (D:10)
  4 ogres
  7 centaurs
  Blork the orc (D:6)
  2 big kobolds
  16 bullfrogs
  A wyvern zombie (D:8)
  A water moccasin zombie (D:10)
  5 scorpions
  A wyvern skeleton (D:10)
  6 killer bees
  4 wights (D:8)
  6 howler monkeys
  A centaur zombie (D:7)
  10 hounds
  5 jellies
  A bullfrog zombie (D:3)
  3 bullfrog skeletons
  11 orc priests
  8 iguanas
  6 worker ants
  Ijyb (D:5)
  Natasha (thrice) (D:3)
  11 orc wizards
  A hound zombie (D:6)
  A hound skeleton (D:5)
  A worker ant zombie (D:4)
  3 gnolls
  17 adders
  A shadow imp (D:8)
  5 white imps
  2 ufetubi
  14 oozes
  3 adder zombies
  2 adder skeletons
  2 worms
  3 dart slugs
  6 leopard geckos
  64 orcs
  4 ball pythons
  4 giant cockroaches
  11 goblins
  7 hobgoblins
  6 jackals
  6 quokkas
  6 bats
  5 frilled lizards
  A jackal skeleton (D:8)
  A jackal zombie (D:8)
  13 kobolds
  A leopard gecko skeleton (D:7)
  2 quokka skeletons
  7 rats
  2 fungi (D:3)
401 creatures vanquished.

Vanquished Creatures (others)
  2 fungi (Lair:1)
  15 plants
  8 toadstools (D:3)
25 creatures vanquished.

Grand Total: 426 creatures vanquished

Notes
Turn   | Place    | Note
-------+----------+-------------------------------------------
     0 | D:1      | KristoblXynda the Vampire Gladiator began the quest for the
                  | Orb.
     0 | D:1      | Reached XP level 1. HP: 16/16 MP: 1/1
   358 | D:1      | Reached XP level 2. HP: 22/22 MP: 2/2
   701 | D:2      | Reached XP level 3. HP: 4/27 MP: 3/3
  1062 | D:2      | Reached skill level 1 in Stealth
  1166 | D:2      | Reached XP level 4. HP: 34/34 MP: 4/4
  1248 | D:2      | Reached skill level 4 in Dodging
  1479 | D:3      | Noticed Natasha
  1496 | D:3      | Killed Natasha
  1496 | D:3      | Reached XP level 5. HP: 26/40 MP: 5/5
  1560 | D:3      | Found a sacrificial altar of Ru.
  1691 | D:3      | Noticed Natasha
  1700 | D:3      | Killed Natasha
  1976 | D:3      | Reached XP level 6. HP: 47/47 MP: 6/6
  2104 | D:3      | Reached skill level 1 in Armour
  2160 | D:3      | Found an iron altar of Okawaru.
  2192 | D:3      | Noticed Natasha
  2201 | D:3      | Killed Natasha
  2389 | D:4      | Found Esag's Assorted Antiques.
  2497 | D:4      | Reached skill level 5 in Dodging
  3033 | D:4      | Reached XP level 7. HP: 42/52 MP: 7/7
  3043 | D:4      | Reached skill level 5 in Stealth
  3581 | D:5      | Entered Level 5 of the Dungeon
  3657 | D:5      | Reached skill level 5 in Long Blades
  3710 | D:5      | You fall into a shaft and drop 1 floor!
  3746 | D:5      | Noticed Eustachio
  3768 | D:5      | Killed Eustachio
  4184 | D:5      | Noticed Ijyb
  4200 | D:5      | Killed Ijyb
  4298 | D:5      | Reached skill level 6 in Dodging
  4402 | D:5      | Reached XP level 8. HP: 50/58 MP: 8/8
  4906 | D:6      | Noticed Sigmund
  4909 | D:6      | Noticed Blork the orc
  5596 | D:6      | Noticed Edmund
  5601 | D:6      | Found a transporter.
  5604 | D:6      | Killed Edmund
  5652 | D:6      | Found a snail-covered altar of Cheibriados.
  5665 | D:6      | Found a transporter.
  5871 | D:6      | Killed Blork the orc
  5871 | D:6      | Reached skill level 7 in Dodging
  5916 | D:6      | Learned a level 3 spell: Mephitic Cloud
  5963 | D:6      | Killed Sigmund
  6060 | D:6      | Found Veefrarph's Gadget Emporium.
  6422 | D:7      | Found a staircase to the Ecumenical Temple.
  6427 | Temple   | Entered the Ecumenical Temple
  6526 | D:7      | Reached XP level 9. HP: 62/63 MP: 9/9
  6943 | D:7      | Found a shimmering altar of Xom.
  7040 | D:8      | Found the +12 glaive of Prune {vorpal}
  7167 | D:8      | Found a hazy altar of Hepliaklqana.
  7232 | D:8      | Found a white marble altar of Elyvilon.
  7612 | D:8      | Found a staircase to the Lair.
  7632 | D:8      | Found a stormy altar of Qazlal.
  7700 | D:8      | Reached skill level 8 in Dodging
  7790 | D:8      | Found a basalt altar of Yredelemnul.
  8078 | D:8      | Upgraded the game from 0.26-a0-542-gbaa144ba5c to
                  | 0.26-a0-597-gb535b0901c
  8122 | D:8      | Reached skill level 5 in Armour
  8122 | D:8      | Reached skill level 10 in Stealth
  8802 | D:8      | Reached XP level 10. HP: 70/70 MP: 10/10
  8860 | D:8      | Noticed a cyclops
  8860 | D:8      | Identified the ring of Salvation {Ice Int+3 Dex+2 Slay+3}
  8884 | D:8      | Killed a cyclops
  8884 | D:8      | Reached skill level 9 in Dodging
  8884 | D:8      | Reached skill level 1 in Shields
  9489 | D:9      | Found a burning altar of Makhleb.
  9514 | D:9      | Found an opulent altar of Gozag.
  9590 | D:9      | Found a shattered altar of Ashenzari.
  9637 | D:9      | Became a worshipper of Ashenzari the Shackled
  9730 | D:9      | Noticed a two-headed ogre
  9732 | D:9      | Found Xainko's Antique Armour Boutique.
  9743 | D:9      | Killed a two-headed ogre
  9946 | D:9      | Bought a pair of runed boots for 195 gold pieces
 10028 | D:9      | Found a sparkling altar of Nemelex Xobeh.
 10220 | D:9      | Noticed a +0 hand axe
 10220 | D:9      | Noticed a +0 dagger
 10221 | D:9      | Found a hide-covered altar of Uskayaw.
 10521 | Lair:1   | Entered Level 1 of the Lair of Beasts
 10569 | D:10     | Entered Level 10 of the Dungeon
 10661 | D:10     | Found a flagged portal.
 10678 | Bailey   | Entered a bailey
 10678 | Bailey   | Reached * piety under Ashenzari
 10784 | Bailey   | Found a burning altar of Makhleb.
 11004 | D:10     | Noticed a gargoyle
 11029 | D:10     | Killed a gargoyle
 11460 | D:10     | Noticed a two-headed ogre
 11472 | D:10     | Killed a two-headed ogre
 11472 | D:10     | Reached skill level 10 in Dodging
 11472 | D:10     | Reached XP level 11. HP: 43/75 MP: 11/11
 11695 | D:10     | Reached skill level 1 in Air Magic
 12078 | D:10     | Noticed a two-headed ogre
 12091 | D:10     | Killed a two-headed ogre
 12224 | D:11     | Noticed a five-headed hydra
 12229 | D:11     | Killed a five-headed hydra
 12626 | D:11     | Noticed an unseen horror
 12660 | D:11     | Killed an unseen horror
 12678 | D:11     | Found a staircase to the Orcish Mines.
 12777 | D:11     | Found a roughly hewn altar of Beogh.
 12988 | D:11     | Noticed an unseen horror
 13004 | D:11     | Reached skill level 10 in Long Blades
 13021 | D:11     | Killed an unseen horror
 13100 | D:11     | Reached ** piety under Ashenzari
 13130 | D:11     | Reached skill level 11 in Dodging
 13509 | D:11     | Noticed a cyan ugly thing
 13531 | D:11     | Killed a cyan ugly thing
 13678 | D:11     | Found a basalt altar of Yredelemnul.
 13857 | Orc:1    | Entered Level 1 of the Orcish Mines
 13857 | Orc:1    | Noticed Gastronok
 14400 | D:12     | Reached XP level 12. HP: 72/81 MP: 12/12
 14581 | D:12     | Noticed Fannar
 14755 | D:12     | Reached skill level 5 in Air Magic
 15486 | Lair:1   | Found an opulent altar of Gozag.
 16587 | Lair:2   | Noticed a six-headed hydra
 16764 | Lair:2   | Identified the +4 demon blade of Conservatism {drain, rC-
                  | rN+ Int+4}
 16866 | Lair:2   | Reached skill level 12 in Dodging
 16887 | Lair:2   | Noticed a six-headed hydra
 16942 | Lair:2   | HP: 4/81 [20-headed hydra (1)]
 16942 | Lair:2   | HP: 1/81 [20-headed hydra (2)]
 16942 | Lair:2   | Mangled by a 20-headed hydra

Illustrated notes

Levels and vault maps discovered:
D:1:      dpeg_arrival_rooms_b, layout_loops_ring
D:2:      layout_rooms, cheibrodos_gnoll_hut
D:3:      cheibrodos_fertilizer, layout_basic, lemuel_round_altar,
          nicolae_ru_great_annihilating_truth, dk_vineyard_3,
          corexii_hall_statues_x, chequers_serial_rivers_micro_c,
          nicolae_underground_beach, uniq_natasha
D:4:      minmay_opposing_rooms, layout_basic, serial_shops,
          kennysheep_little_box, kennysheep_generic_room_8
D:5:      layout_loops_corners, uniq_ijyb, uniq_eustachio
D:6:      gammafunk_cloud_chamber, layout_basic, cheibriados_altar_1,
          serial_shops, nicolae_shop_stone, uniq_sigmund, uniq_edmund,
          uniq_blork_the_orc
D:7:      layout_gridville, kennysheep_mini, temple_statues
D:8:      kennysheep_windowed_halls, layout_basic, marbit_many_paths,
          nicolae_overflow_crystal_walls, lemuel_coloured_pillars_altar,
          overflow_temple_1_default, serial_park_tiny_2, worms_lemuel
D:9:      layout_stronghold, lemuel_round_altar, overflow_temple_1_default,
          lemuel_doored_altar, dancing_weapons_uskayaw, lemuel_crystal_altar,
          serial_shops, nicolae_shop_stone
D:10:     minmay_slanted_spiral_squares, layout_long_grid, enter_bailey_7
D:11:     layout_roguey, hiddenorc1_lemuel, special_room [special_room_orc],
          yredelemnul_altar_generic
D:12:     layout_basic, serial_curves, eino_curves_01, eino_curves_02,
          kennysheep_diamond, uniq_fannar
Temple:   dpeg_three_leaves_temple
Lair:1:   layout_chaotic_city, basic_altar
Lair:2:   layout_chaotic_city, serial_forest, infiniplex_forest_zigzag_1,
          infiniplex_forest_lined_room_, infiniplex_forest_end_double,
          infiniplex_forest_zigzag_2, infiniplex_forest_zigzag_1,
          infiniplex_forest_lined_ring, infiniplex_forest_lined_1,
          infiniplex_forest_lined_ring, minmay_lair_oklob_chamber
Orc:1:    nicolae_orc_accident_3, layout_caves, uniq_harold, uniq_gastronok

Skill      XL: |  1  2  3  4  5  6  7  8  9 10 11 12 |
---------------+-------------------------------------+-----
Fighting       | 2 3 |  3.0
Throwing       | 2 |  2.0
Stealth        | 1 2 3 4 6 8 10 | 10.7
Dodging        | 4 5 6 7 8 10 11 12 | 12.0
Long Blades    | 4 5 6 7 9 10 11 | 11.1
Armour         | 1 2 4 5 6 7 8 |  8.7
Shields        | 4 |  4.0
Air Magic      | 4 6 |  6.2

Action                   |  1- 3 |  4- 6 |  7- 9 | 10-12 || total
-------------------------+-------+-------+-------+-------++-------
Melee: Long sword        |    25 |    71 |   175 |  1082 ||  1353
       Dagger            |    96 |   185 |   376 |       ||   657
       Bite              |     8 |    29 |    81 |   182 ||   300
       Rapier            |       |       |     2 |       ||     2
       Demon blade       |       |       |       |    33 ||    33
Throw: Throwing net      |     1 |       |       |       ||     1
Invok: Curse Item        |       |       |       |     3 ||     3
Evoke: Wand              |       |       |     1 |    16 ||    17
       Phial of floods   |       |       |       |     1 ||     1
  Use: Potion            |     1 |       |     2 |     5 ||     8
       Scroll            |       |     6 |    13 |    12 ||    31
 Stab: Sleeping          |       |     5 |    14 |     9 ||    28
       Distracted        |       |       |     3 |     2 ||     5
Armor: Leather armour    |    17 |       |       |       ||    17
       Ring mail         |    25 |    56 |   174 |   108 ||   363
       Skin              |       |       |    23 |       ||    23
       Chain mail        |       |       |       |   359 ||   359
Dodge: Dodged            |    80 |   161 |   468 |   798 ||  1507
Block: Buckler           |       |       |       |   256 ||   256
       Rpst.: Long sword |     5 |    18 |    38 |   183 ||   244
       Demon blade       |       |       |       |     5 ||     5

Table legend: (Time is in decaauts)
 A = Elapsed time spent in this place.
 B = Non-inter-level travel time spent in this place.
 C = Inter-level travel time spent in this place.
 D = Time resting spent in this place.
 E = Time spent auto-exploring this place.
 F = Levels seen in this place.
 G = Mean time per level.
                   A        B        C        D        E       F      G
               +--------+--------+--------+--------+--------+-----+--------+
         Total |  16748 |  15807 |    941 |   4410 |   6386 |  17 |  985.2 |
       Dungeon |  14875 |  13970 |    905 |   3992 |   5620 |  12 | 1239.6 |
        Temple |     96 |     81 |     15 |      0 |     43 |   1 |   96.0 |
          Lair |   1631 |   1611 |     20 |    418 |    723 |   2 |  815.5 |
  Orcish Mines |      1 |      1 |      0 |      0 |      0 |   1 |    1.0 |
        Bailey |    143 |    143 |      0 |      0 |      0 |   1 |  143.0 |
               +--------+--------+--------+--------+--------+-----+--------+

Top non-repeatable levels by time:
     D:8: 2169 daAuts
     D:5: 1900 daAuts
    D:11: 1850 daAuts
    D:10: 1693 daAuts
     D:9: 1328 daAuts
     D:4: 1215 daAuts
  Lair:1: 1048 daAuts
     D:3: 989 daAuts
    D:12: 880 daAuts
     D:7: 832 daAuts
     D:2: 751 daAuts
     D:6: 656 daAuts
     D:1: 608 daAuts
  Lair:2: 583 daAuts
  Bailey: 143 daAuts
